 Dungeon Crawl Stone Soup version 0.18-a0-1243-g9e52518 (webtiles) character file.

1433 namelastname112 the Cudgeler (level 8, -7/69 HPs)
             Began as a Grey Draconian Gladiator on Feb 5, 2016.
             Mangled by an orc warrior
             ... wielding a +0 dire flail
              (20 damage)
             ... on level 7 of the Dungeon.
             The game lasted 00:09:58 (6769 turns).

namelastname112 the Cudgeler (DrGl)                 Turns: 6769, Time: 00:09:58

Health: -7/69      AC: 15    Str: 18    XL:     8   Next: 45%
Magic:  8/8        EV: 14    Int:  9    God:
Gold:   187        SH:  0    Dex: 13    Spells: 0 memorised, 7 levels left

rFire  . . .     SeeInvis +     B - +0 dagger (venom)
rCold  . . .     Gourm    .     (armour unavailable)
rNeg   . . .     Faith    +     (no shield)
rPois  .         Spirit   .     b - +0 hat
rElec  .         Dismiss  .     E - +2 cloak {+Inv}
rCorr  +         Reflect  .     (no gloves)
SustAt +         Harm     .     i - +0 pair of boots
MR     .....                    J - amulet of Fapp {Faith SInv}
Stlth  +.........               I - ring of sustain attributes
                                t - ring of resist corrosion

@: drained, not resistant to hostile enchantments, very unstealthy
A: walk through water, unfitting armour, unbreathing, cold-blooded, AC +11
a: Evoke Invisibility


You were on level 7 of the Dungeon.
You were very hungry.

You visited 1 branch of the dungeon, and saw 7 of its levels.

You collected 302 gold pieces.
You spent 115 gold pieces at shops.

Inventory:

Hand Weapons
 a - a +0 flail
 B - a +0 dagger of venom (weapon)
Missiles
 c - 3 throwing nets (quivered)
 v - 2 tomahawks
 N - 4 poisoned javelins
Armour
 b - a +0 hat (worn)
 i - a +0 pair of boots (worn)
 E - a +2 cloak of invisibility (worn)
Jewellery
 t - a ring of resist corrosion (left hand)
 G - an uncursed amulet of magic regeneration
 I - a ring of sustain attributes (right hand)
 J - the amulet of Fapp (around neck) {Faith SInv}
   (You found it on level 5 of the Dungeon)

   [amulet of faith]

   It allows you to gain divine favour quickly.
   It lets you see invisible.
Wands
 s - a wand of confusion (24/48)
 L - a wand of disintegration (1/24)
Scrolls
 j - a scroll of random uselessness {unknown}
 k - a scroll of enchant armour {unknown}
 m - 3 scrolls of identify {unknown}
 n - 2 scrolls of noise {unknown}
 p - 2 scrolls of remove curse {unknown}
 q - a scroll of fear {unknown}
 w - a scroll of teleportation {unknown}
 y - 2 scrolls of amnesia {unknown}
 A - 2 scrolls of immolation {unknown}
 O - a scroll of enchant weapon {unknown}
Potions
 e - a potion of cure mutation {unknown}
 f - a potion of haste {unknown}
 g - a potion of invisibility {unknown}
 l - 2 potions of lignification
 o - 5 potions of agility {unknown}
 u - a potion of berserk rage {unknown}
 x - 2 potions of might {unknown}
 C - a potion of brilliance {unknown}
 D - a potion of poison {unknown}
 F - a potion of curing {unknown}
 H - a potion of flight {unknown}
 K - a potion of cancellation {unknown}
Books
 z - a book of Fire

   Spells                             Type                      Level
   a - Ignite Poison                  Fire/Transmutation/Poison    3
   b - Fireball                       Conjuration/Fire             5
   c - Bolt of Fire                   Conjuration/Fire             6
   d - Delayed Fireball               Conjuration/Fire             7
   e - Ring of Flames                 Charms/Fire                  7
Comestibles
 d - 3 bread rations
 h - 3 meat rations
 r - a beef jerky
 M - 4 chunks of flesh


   Skills:
 + Level 5.5(5.2) Fighting
 * Level 7.2(6.8) Maces & Flails
 + Level 4.6(4.2) Throwing
 + Level 5.0(4.7) Dodging


You had 7 spell levels left.
You didn't know any spells.

Dungeon Overview and Level Annotations

Branches:
Dungeon (7/15)
 Temple: D:4-7

Altars:
Ashenzari
Elyvilon
Fedhas
Nemelex Xobeh
Pakellas
Trog
The Shining One

Shops:
D:5 *


Innate Abilities, Weirdness & Mutations

You can walk through water.
Your dull iron-grey scales are very hard (AC +11).
Your body does not fit into most forms of armour.
You can survive without breathing.
You are cold-blooded and may be slowed by cold attacks.


Message History

You tail-slap the crimson imp, but do no damage.
The orc wizard hits you but does no damage.
The crimson imp hits you but does no damage.
You hit the crimson imp.
The crimson imp is lightly wounded.
The crimson imp closely misses you. The orc warrior barely misses you.
You hit the orc warrior but do no damage.
The orc warrior is moderately wounded.
The crimson imp completely misses you.
You hit the orc warrior but do no damage.
The orc warrior is moderately wounded.
The orc warrior hits you with a dire flail!
* * * LOW HITPOINT WARNING * * *
The crimson imp misses you.
You hit the orc warrior but do no damage.
The orc warrior looks even sicker.
The orc warrior is moderately wounded.
The crimson imp barely misses you.
The orc warrior hits you with a dire flail!!
You die...

....._..)..#
.#.......#.#
#.......#.#
##...^.##)#
###.####)#
:........#
##.#..#.o# .##.
##o# ### #@#
.... #5# ##
....###.###...#
............#
.##...#.###.#
###....##.#
####.......##
#.......#...#
#.##.##.#...##


You could see an orc warrior, an orc wizard (invisible) and a crimson imp.

Vanquished Creatures
  A black bear (D:6)
  A necrophage (D:6)
  2 ogres (D:4)
  A centaur (D:5)
  A giant frog (D:6)
  2 wights (D:7)
  A crimson imp (D:6)
  A giant frog zombie (D:5)
  4 hounds
  A jelly (D:5)
  An orc priest (D:5)
  Crazy Yiuf (D:4)
  A centaur skeleton (D:6)
  7 orc wizards
  Ijyb (D:3)
  2 iguanas
  2 worker ants (D:6)
  A hound skeleton (D:4)
  Robin (D:3)
  4 gnolls
  3 adders
  An ooze (D:4)
  An adder zombie (D:7)
  A worm (D:4)
  5 giant geckos
  20 orcs
  8 giant cockroaches
  8 hobgoblins
  16 jackals
  9 kobolds
  A quokka (D:4)
  A ball python skeleton (D:5)
  4 bats
  A giant gecko skeleton (D:6)
  2 giant newts
  28 goblins
  2 jackal skeletons
  A quokka skeleton (D:4)
  A quokka zombie (D:3)
  2 rats
  A fungus (D:4)
152 creatures vanquished.

Vanquished Creatures (others)
  An orc (D:3)
1 creature vanquished.

Grand Total: 153 creatures vanquished

Notes
Turn   | Place    | Note
--------------------------------------------------------------
     0 | D:1      | namelastname112 the Draconian Gladiator began the quest for the Orb.
     0 | D:1      | Reached XP level 1. HP: 17/17 MP: 1/1
    91 | D:1      | Reached XP level 2. HP: 12/24 MP: 2/2
  1124 | D:2      | Reached XP level 3. HP: 26/30 MP: 3/3
  1861 | D:3      | Noticed Ijyb
  1904 | D:3      | Killed Ijyb
  1904 | D:3      | Reached XP level 4. HP: 29/37 MP: 4/4
  2043 | D:3      | Found a glowing golden altar of the Shining One.
  2139 | D:3      | Reached skill level 4 in Maces & Flails
  2425 | D:3      | Noticed Robin
  2508 | D:3      | Killed Robin
  2693 | D:3      | Reached XP level 5. HP: 22/45 MP: 5/5
  3212 | D:3      | Found a shattered altar of Ashenzari.
  3371 | D:4      | Noticed an ogre
  3402 | D:4      | Killed an ogre
  3402 | D:4      | Reached XP level 6. HP: 41/51 MP: 6/6
  3493 | D:4      | Reached skill level 5 in Maces & Flails
  3787 | D:4      | Found a bloodstained altar of Trog.
  3925 | D:4      | Noticed Crazy Yiuf
  3978 | D:4      | Killed Crazy Yiuf
  4212 | D:5      | Entered Level 5 of the Dungeon
  4217 | D:5      | Found Ukugurai's Assorted Antiques.
  4226 | D:5      | Bought a triangular emerald amulet for 115 gold pieces
  4245 | D:5      | Found a blossoming altar of Fedhas.
  4522 | D:5      | Reached XP level 7. HP: 29/59 MP: 7/7
  4522 | D:5      | Your scales start taking on a dull iron-grey colour.
  4522 | D:5      | Gained mutation: You can survive without breathing. [Grey Draconian growth]
  5168 | D:5      | Got a shimmering copper amulet
  5170 | D:5      | Identified the amulet of Fapp {Faith SInv} (You found it on level 5 of the Dungeon)
  5407 | D:6      | Reached skill level 6 in Maces & Flails
  5541 | D:6      | Found an oddly glowing altar of Pakellas.
  5652 | D:6      | Reached skill level 5 in Fighting
  6158 | D:6      | Reached XP level 8. HP: 68/68 MP: 8/8
  6329 | D:6      | Found a sparkling altar of Nemelex Xobeh.
  6619 | D:7      | Reached skill level 7 in Maces & Flails
  6631 | D:7      | Reached skill level 5 in Dodging
  6732 | D:7      | Found a white marble altar of Elyvilon.
  6769 | D:7      | Mangled by an orc warrior

Vault maps used:
D:1:      minmay_arrival_semitransparent
D:3:      kennysheep_goblin_castle, nicolae_tso_carved_into_rock,
          ashenzari_altar_1, uniq_iyjb
D:4:      bloody_trog, uniq_crazy_yiuf_cottage
D:5:      fedhas_bush_and_centaur_altar, serial_shops,
          nicolae_shop_overgrown_old_shop, first_bread
D:6:      lemuel_round_altar, johnstein_pakellas_dig, dk_noncrumbling_4
D:7:      lemuel_zombie_altar_yredelemnul, old_standard_altar,
          minmay_temple_entry_statues_pillars, basic_altar, minmay_misc_feat_x,
          grunt_ministairs_1, grunt_livestock

Action                   |  1- 3 |  4- 6 |  7- 9 || total
-------------------------+-------+-------+-------++-------
Melee: Flail             |   145 |   129 |    73 ||   347
       Unarmed           |       |    16 |       ||    16
       Dagger            |       |   127 |   199 ||   326
  Use: Potion            |       |     1 |       ||     1
 Stab: Sleeping          |     1 |       |     1 ||     2
       Distracted        |       |       |     1 ||     1
  Eat: Chunk             |     2 |     8 |     5 ||    15
       Beef jerky        |       |     1 |       ||     1
       Royal jelly       |       |       |     1 ||     1
